[Event "Early-Titled-Tuesday-Blitz-October-24-2023"]
[Site "Chess.com"]
[Date "2023.10.24"]
[Round "6"]
[White "Jospem"]
[Black "rezamahdavi2008"]
[Result "1-0"]
[WhiteElo "3138"]
[BlackElo "2891"]
[TimeControl "180+1"]
[EndTime "9:05:00 PDT"]
[Termination "Jospem won by checkmate"]

1. e4 e6 2. d4 d5 3. Nc3 Nf6 4. exd5 exd5 5. Bd3 Nc6 6. Nge2 Nb4 7. O-O Nxd3 8. Qxd3 Be7 9. Ng3 c6 10. Bf4 O-O 11.
Rfe1 Re8 12. h3 Be6 13. Re2 Qb6 14. b3 Bf8 15. Rae1 Qa5 16. Bd2 Qc7 17. Bg5 Nd7 18. Nd1 h6 19. Bd2 c5 20. Nc3 cxd4 21. Nb5 Qb6 22.
Nxd4 Nc5 23. Qf3 Rac8 24. Be3 Qa5 25. a4 Ne4 26. Nxe4 dxe4 27. Qg3 Qh5 28. c4 Rcd8 29. Nxe6 Rxe6 30. Qc7 Ree8 31. c5 Rc8 32. Qxb7 Bxc5 33. Bxc5 Qxc5 34. Rxe4 Rxe4 35. Qxe4 Rb8 36. Re3 Qd6 37.
g3 g6 38. Kg2 Kg7 39. h4 h5 40.
Rd3 Qb4 41. Qe5+ Kg8 42. Qd5 Rb6 43. Rf3 Rb7 44. a5 a6 45. Rf6 Qxb3 46. Rxg6+ Kh7 47. Qxh5# 1-0

[Event "Early-Titled-Tuesday-Blitz-October-24-2023"]
[Site "Chess.com"]
[Date "2023.10.24"]
[Round "6"]
[White "eljanov"]
[Black "MokshAD1603"]
[Result "0-1"]
[WhiteElo "2808"]
[BlackElo "2643"]
[TimeControl "180+1"]
[EndTime "9:05:00 PDT"]
[Termination "MokshAD1603 won on time"]

1. d4 Nf6 2. Bf4 d5 3. e3 c5 4. Nf3 Nc6 5. Nbd2 cxd4 6. exd4 Qb6 7. Nb3 Bg4 8. c3 e6 9. Be2 Be7 10. h3 Bh5 11. O-O O-O 12. a4 a6 13. a5 Qd8 14.
Ne5 Bxe2 15. Qxe2 Rc8 16. Rfe1 Ne4 17. Nd3 Bd6 18. Bxd6 Nxd6 19. Ndc5 Qc7 20. Ra4 Nc4 21. Rea1 Rfe8 22. Nd2 N6xa5 23. Nf3 Nc6 24. Nd3 f6 25.
Nc5 e5 26. dxe5 fxe5 27. b3 Nb6 28. Rg4 e4 29. Nd4 Qf7 30. Rg3 Ne5 31. b4 Nbc4 32. Rf1 Rf8 33. Ncb3 Nd3 34. Rxd3 exd3 35. Qxd3 Nd6 36.
Nc5 Qg6 37. Qxg6 hxg6 38. Rd1 Ne4 39. Nde6 Rfe8 0-1

[Event "Early-Titled-Tuesday-Blitz-October-24-2023"]
[Site "Chess.com"]
[Date "2023.10.24"]
[Round "6"]
[White "Bilan_Danila"]
[Black "DonJuanEGenaro"]
[Result "1-0"]
[WhiteElo "2413"]
[BlackElo "1813"]
[TimeControl "180+1"]
[EndTime "9:05:01 PDT"]
[Termination "Bilan_Danila won on time"]

1. d4 d5 2. Nf3 e6 3. c4 c5 4. cxd5 exd5 5. g3 Nc6 6. Bg2 Nf6 7. O-O Be7 8. Nc3 O-O 9. dxc5 Bxc5 10. Bg5 Be7 11.
Rc1 h6 12. Bf4 Bg4 13. h3 Be6 14. Na4 Qa5 15. Nd4 Nxd4 16. Qxd4 b5 17. Nc5 Bxc5 18. Rxc5 Rac8 19. Rfc1 Rxc5 20. Rxc5 Qe1+ 21. Kh2 Qxe2 22. Bxh6 Qh5 23. Bf4 a6 24. f3 Re8 25. g4 Bxg4 26. fxg4 Nxg4+ 27. Kg3 Nf6 28. Rc2 Qg6+ 29. Kh2 Qxc2 30.
Be5 Qf5 31. Bg3 Ne4 32. Bc7 Rc8 33. Qb6 1-0

[Event "Early-Titled-Tuesday-Blitz-October-24-2023"]
[Site "Chess.com"]
[Date "2023.10.24"]
[Round "6"]
[White "Khromkin"]
[Black "karinachess1"]
[Result "0-1"]
[WhiteElo "2501"]
[BlackElo "2634"]
[TimeControl "180+1"]
[EndTime "9:05:02 PDT"]
[Termination "karinachess1 won on time"]

1. d4 Nf6 2. c4 e6 3. Nf3 d5 4. Nc3 Bb4 5. Qa4+ Nc6 6. e3 O-O 7. Bd2 a6 8. Qc2 dxc4 9. Bxc4 Bd6 10. O-O e5 11. h3 b5 12. Bb3 exd4 13. exd4 Bb7 14.
a3 Ne7 15. Ne5 c5 16. Bg5 cxd4 17. Nxf7 Rxf7 18. Bxf6 dxc3 19. Bxf7+ Kxf7 20. Bxc3 Kg8 21. Rad1 Qc7 22. Qb3+ Kh8 23. Qf7 Rg8 24. Rfe1 Qc6 25. f3 Ng6 26. Re8 Bf8 27. Rxf8 Nxf8 28. Rd8 Qb6+ 29.
Rd4 Ne6 30. Kh1 Nxd4 31. Qd7 Ne2 0-1

[Event "Early-Titled-Tuesday-Blitz-October-24-2023"]
[Site "Chess.com"]
[Date "2023.10.24"]
[Round "6"]
[White "Juicy_Fork"]
[Black "BeautiFullMindChess"]
[Result "1-0"]
[WhiteElo "2448"]
[BlackElo "2252"]
[TimeControl "180+1"]
[EndTime "9:05:02 PDT"]
[Termination "Juicy_Fork won by resignation"]

1. e4 d5 2. exd5 Qxd5 3. Nc3 Qa5 4. d4 Nf6 5. Nf3 Bf5 6. Bc4 e6 7. Bd2 Bb4 8. a3 Bxc3 9. Bxc3 Qb6 10. Qe2 O-O 11.
O-O-O Nc6 12. Ne5 Rfd8 13. Nxc6 Qxc6 14. f3 Nd5 15. Bd2 Bxc2 16. Rde1 Bg6 17. Kd1 b5 18. Bd3 Bxd3 19. Qxd3 Rd6 20. h4 Rad8 21. h5 h6 22. g4 Nb6 23. Re4 Nc4 24. Bc1 e5 25. Ke2 Rxd4 26. Rxd4 Rxd4 27. Qf5 Qe8 28. b3 Nd6 29. Qc2 e4 30. f4 e3 31. g5 Rxf4 32. Rh2 hxg5 33. h6 g6 34. Qxc7 Rf2+ 35. Rxf2 exf2+ 36. Kxf2 Ne4+ 37. Kf1 Ng3+ 38. Qxg3 Qe7 39. Qxg5 1-0

[Event "Early-Titled-Tuesday-Blitz-October-24-2023"]
[Site "Chess.com"]
[Date "2023.10.24"]
[Round "6"]
[White "DanielTitichoca"]
[Black "topin8"]
[Result "1-0"]
[WhiteElo "2627"]
[BlackElo "2451"]
[TimeControl "180+1"]
[EndTime "9:05:03 PDT"]
[Termination "DanielTitichoca won on time"]

1. b3 c5 2. Bb2 Nc6 3. Nf3 d6 4. e3 Nf6 5. d4 cxd4 6. Nxd4 g6 7. Nxc6 bxc6 8. c4 Bg7 9. Be2 O-O 10. O-O Bf5 11. Nd2 a5 12. Bc3 c5 13.
Bf3 Ra7 14. Nb1 Be4 15. Na3 Qa8 16. Nb5 Rd7 17. Bxe4 Nxe4 18. Bxg7 Kxg7 19. f3 Nf6 20. e4 Rb8 21. a4 Ne8 22. Qe2 Nc7 23. e5 Nxb5 24.
axb5 d5 25. e6 fxe6 26. Qxe6 Rbd8 27. f4 dxc4 28. bxc4 Qb7 29. Rae1 Rd6 30. Qxe7+ Qxe7 31. Rxe7+ Kf6 32. Ra7 Rd4 33. Rxa5 Rxc4 34. Ra7 Rb8 35.
Rxh7 Rxb5 36. h4 Rc2 37. Rf3 Rb1+ 38. Kh2 Rbb2 39. Rg3 Rf2 40. Rh6 Rxf4 41. Rhxg6+ Ke5 42. R6g5+ Kd4 43. R5g4 Rf2 44. h5 c4 45. h6 Rxg4 46. Rxg4+ Kd3 47. h7 1-0

[Event "Early-Titled-Tuesday-Blitz-October-24-2023"]
[Site "Chess.com"]
[Date "2023.10.24"]
[Round "6"]
[White "GMWSO"]
[Black "scarabee43"]
[Result "1-0"]
[WhiteElo "3071"]
[BlackElo "2801"]
[TimeControl "180+1"]
[EndTime "9:05:05 PDT"]
[Termination "GMWSO won by resignation"]

1. b3 d5 2. Bb2 c5 3. e3 Nc6 4. Bb5 Bd7 5. Nf3 e6 6. O-O Nf6 7. c4 dxc4 8. Bxc4 Be7 9. Nc3 O-O 10. Rc1 Rc8 11. Be2 a6 12. d3 b5 13. Nd2 Nb4 14. a3 Nbd5 15. Nce4 Qb6 16. Rc2 Rfd8 17. Qa1 Bc6 18.
Rfc1 Bb7 19. Bf3 h6 20. h3 Nxe4 21. Nxe4 Bf8 22. d4 c4 23. bxc4 bxc4 24. Rxc4 Rxc4 25.
Rxc4 Rc8 26. Rxc8 Bxc8 27. Nc5 Nf6 28. Qc1 a5 29. a4 Ba6 30. Ba3 Bxc5 31. Qxc5 Qxc5 32.
dxc5 Kf8 33. c6+ Ke8 34. Bb2 Ke7 35. Bc3 Bc4 36. Bxa5 Bb3 37. Bb4+ Kd8 38. a5 Nd5 39. Bf8 g6 40. Bxh6 Kc7 41. e4 Nb4 42. h4 Kxc6 43. Bd2 Na6 44. g4 Nc7 45. h5 gxh5 46. gxh5 Ne8 47.
h6 Nf6 48. e5+ Bd5 49. exf6 Bxf3 50. h7 1-0

[Event "Early-Titled-Tuesday-Blitz-October-24-2023"]
[Site "Chess.com"]
[Date "2023.10.24"]
[Round "6"]
[White "Ykow"]
[Black "M_One1126"]
[Result "0-1"]
[WhiteElo "2517"]
[BlackElo "2639"]
[TimeControl "180+1"]
[EndTime "9:05:07 PDT"]
[Termination "M_One1126 won by resignation"]

1. e4 c6 2. d4 d5 3. Nc3 dxe4 4.
Nxe4 Nf6 5. Nxf6+ exf6 6. Be3 Bd6 7. Bd3 O-O 8. Ne2 Nd7 9. O-O Re8 10. c4 Nf8 11. Qc2 Be6 12. a3 Rc8 13. b4 b5 14.
d5 cxd5 15. c5 a6 16. Nf4 d4 17. Bd2 Bd7 18. Qb3 Bb8 19. Rac1 Bc6 20. Rfe1 Qc7 21. g3 Qb7 22. Bf1 Ng6 23. Nxg6 hxg6 24. Qd3 Qd7 25.
h4 Qg4 26. Bg2 Bxg2 27. Kxg2 Qd7 28. Qf3 Rxe1 29. Bxe1 Rc6 30. Bd2 f5 31. Bf4 Bxf4 32. gxf4 Kh7 33. Rd1 Re6 34. h5 gxh5 35. Qxh5+ Rh6 36.
Qf3 Rg6+ 37. Kf1 Qe6 38. Rxd4 Qa2 39. Qh3+ Rh6 40. Qxf5+ g6 41. Qxf7+ Qxf7 42. c6 Rh1+ 43. Kg2 Rc1 44. Rd7 Qg7 45. Rxg7+ Kxg7 0-1

[Event "Early-Titled-Tuesday-Blitz-October-24-2023"]
[Site "Chess.com"]
[Date "2023.10.24"]
[Round "6"]
[White "whitemirrorninja"]
[Black "JimDiGrease"]
[Result "0-1"]
[WhiteElo "2575"]
[BlackElo "2869"]
[TimeControl "180+1"]
[EndTime "9:05:08 PDT"]
[Termination "JimDiGrease won by checkmate"]

1. d4 d5 2. Nc3 Nf6 3. Bf4 c5 4. e3 cxd4 5. exd4 a6 6. Nf3 Nc6 7. Ne5 Bd7 8. Be2 e6 9. O-O Qb6 10. Nxc6 Bxc6 11. Rb1 Be7 12. b4 Rc8 13. b5 axb5 14.
Nxb5 Qd8 15. c4 Bxb5 16. Rxb5 dxc4 17. Rxb7 O-O 18. Be5 Nd5 19. Bf3 Bg5 20. Qa4 c3 21. Be4 Bh6 22. g3 g6 23. Qc2 Qa5 24. Bxd5 Qxd5 25.
Rb3 Bd2 26. Rd1 Rc4 27. Rxd2 cxd2 28. Qxd2 f6 29. Bf4 Rxd4 30. Qe2 Rd1+ 31. Qf1 Rxf1+ 32.
Kxf1 e5 33. Be3 Rc8 34. Bh6 Rc2 35. Rb8+ Kf7 36. Rf8+ Ke7 37. Re8+ Kxe8 38. Be3 Qh1# 0-1

[Event "Early-Titled-Tuesday-Blitz-October-24-2023"]
[Site "Chess.com"]
[Date "2023.10.24"]
[Round "6"]
[White "jcibarra"]
[Black "klimkoj"]
[Result "0-1"]
[WhiteElo "2919"]
[BlackElo "2784"]
[TimeControl "180+1"]
[EndTime "9:05:13 PDT"]
[Termination "klimkoj won by checkmate"]

1. e4 c5 2. Nf3 d6 3. c3 Nf6 4. h3 Nc6 5. Bd3 d5 6. e5 Nd7 7. Bb5 e6 8. O-O Qa5 9. Bxc6 bxc6 10. d3 Be7 11. c4 Qc7 12. Re1 O-O 13. Nc3 f6 14.
Bf4 fxe5 15. Bxe5 Nxe5 16. Nxe5 Rf5 17. Qe2 Bd6 18. Ng4 Bd7 19. Rac1 Raf8 20. Nd1 h5 21. Nge3 Re5 22. cxd5 exd5 23. Qf1 Rg5 24. h4 Rg6 25. d4 cxd4 26. Nxd5 Qd8 27. Qc4 cxd5 28. Qxd5+ Kh8 29. Re4 Rf5 30. Qxd4 Qf6 31. Ne3 Rxf2 32. Rd1 Qxd4 33. Rexd4 Rff6 34. Rd5 Bg4 35. Nxg4 hxg4 36. h5 Rh6 37. Rg5 g3 38. Rgd5 Bc7 39. Kh1 g6 40. Rg5 Rxh5+ 41. Rxh5+ gxh5 42. a4 h4 43. b4 Rf2 44. a5 Bf4 45. Rb1 Bd2 46. Kg1 Be3 47.
Kh1 h3 48. Rg1 hxg2+ 49. Rxg2 Rf1+ 50. Rg1 Rxg1# 0-1

[Event "Early-Titled-Tuesday-Blitz-October-24-2023"]
[Site "Chess.com"]
[Date "2023.10.24"]
[Round "6"]
[White "ArmanGhevondyanchess"]
[Black "Szparu"]
[Result "0-1"]
[WhiteElo "2534"]
[BlackElo "2705"]
[TimeControl "180+1"]
[EndTime "9:05:13 PDT"]
[Termination "Szparu won on time"]

1. Nf3 d5 2. g3 c6 3. Bg2 Bg4 4. O-O Nd7 5. d4 e6 6. c4 Ngf6 7. b3 Be7 8. Bb2 O-O 9. Nc3 h6 10.
Rc1 Bf5 11. Nd2 Bh7 12. e4 dxc4 13. Nxc4 Re8 14. Qe2 Nb6 15. Rfd1 Nxc4 16. Qxc4 Rc8 17. Qa4 a5 18. d5 b5 19. Qd4 cxd5 20. Nxb5 Rxc1 21. Rxc1 Qb8 22. a4 Bxe4 23. Qe5 Bxg2 24. Qxb8 Rxb8 25. Kxg2 Ne4 26. Be5 Rb7 27. Rc2 Bb4 28.
h4 f6 29. Bd4 h5 30. Nc7 e5 31. Nb5 exd4 32. Nxd4 Be7 33. Nb5 Nd6 34. Nc7 Rxb3 35. Nxd5 Bf8 36. Rc7 Rd3 37. Nf4 Rb3 38. Rd7 Rb8 39.
Ne6 Ne4 0-1

[Event "Early-Titled-Tuesday-Blitz-October-24-2023"]
[Site "Chess.com"]
[Date "2023.10.24"]
[Round "6"]
[White "ZeGood_ZeBad_ZeUgly"]
[Black "pinguino120"]
[Result "0-1"]
[WhiteElo "2304"]
[BlackElo "2205"]
[TimeControl "180+1"]
[EndTime "9:05:14 PDT"]
[Termination "pinguino120 won on time"]

1. Nf3 Nf6 2. g3 d5 3. Bg2 Bg4 4. O-O c6 5. d3 e6 6. h3 Bxf3 7. Bxf3 Be7 8. e4 Nbd7 9. Re1 dxe4 10. dxe4 e5 11. Nc3 O-O 12. Be3 Bc5 13. Qe2 Bxe3 14. Qxe3 h6 15. Be2 Qb6 16. Qxb6 axb6 17. a4 Nc5 18.
Bc4 Rfd8 19. b4 Ne6 20. Bxe6 fxe6 21. Red1 Rd4 22. Rxd4 exd4 23. Ne2 e5 24. f3 Kf7 25. Nc1 Ke6 26. Nd3 Ne8 27. a5 bxa5 28. bxa5 Nd6 29. Nc5+ Ke7 30. Kf2 Ra7 31. Ke2 Nc4 32. Kd3 Rxa5 33.
Rxa5 Nxa5 34. f4 b6 35. Na4 b5 36. Nb6 c5 37. fxe5 Nc6 38. Nd5+ Kd7 39. c3 Nxe5+ 40. Kc2 d3+ 41. Kd2 c4 42. Ne3 Nf3+ 43. Kd1 b4 44.
cxb4 c3 45. Kc1 Nd4 46. e5 Ne2+ 47. Kd1 c2+ 48. Kd2 c1=Q+ 49. Kxd3 Nxg3 0-1

[Event "Early-Titled-Tuesday-Blitz-October-24-2023"]
[Site "Chess.com"]
[Date "2023.10.24"]
[Round "6"]
[White "esrosenberg"]
[Black "Dixit_Nikhil"]
[Result "0-1"]
[WhiteElo "2463"]
[BlackElo "2620"]
[TimeControl "180+1"]
[EndTime "9:05:15 PDT"]
[Termination "Dixit_Nikhil won on time"]

1. d4 Nf6 2. Nf3 g6 3. Nc3 Bg7 4. e4 d6 5. Be2 O-O 6. O-O a6 7. Re1 Nc6 8. h3 b5 9. e5 Ne8 10. Bf4 dxe5 11. dxe5 Be6 12. Ne4 Qxd1 13. Raxd1 Nb4 14.
c3 Nd5 15. Bg3 c6 16. Nc5 Nec7 17. Nxe6 Nxe6 18. Nd4 Nxd4 19. cxd4 e6 20. Rc1 Rfc8 21. Bf3 Bh6 22. Rcd1 Bf8 23. a3 a5 24. Rc1 Bh6 25.
Rc2 b4 26. Be4 Kf8 27. Kf1 Ke8 28. Ke2 Kd7 29. Kd3 Bf8 30. Bxd5 cxd5 31. axb4 Bxb4 32. Rec1 Rxc2 33. Rxc2 h5 34. Bf4 a4 35. Bd2 Be7 36. Bc1 Rb8 37. g4 h4 38. f4 Rb4 39.
f5 gxf5 40. gxf5 exf5 41. Bd2 Rb3+ 42. Bc3 a3 43. bxa3 Rxa3 44. Kd2 Rb3 45. Ra2 Rb6 46. Ra7+ Ke6 47. Ra8 f4 48. Re8 f3 49. Ba5 f2 50.
Ke2 Rb2+ 51. Kf1 Kd7 52. Rg8 Ra2 53. Bb6 Ra6 54. Bc5 Bxc5 55. dxc5 Ra3 56. Kxf2 Rxh3 57.
Rh8 Rc3 58. Rxh4 Rxc5 59. Ke3 Rc4 0-1

[Event "Early-Titled-Tuesday-Blitz-October-24-2023"]
[Site "Chess.com"]
[Date "2023.10.24"]
[Round "6"]
[White "Let_it_be_1"]
[Black "Chessy222222"]
[Result "1-0"]
[WhiteElo "2569"]
[BlackElo "2258"]
[TimeControl "180+1"]
[EndTime "9:05:18 PDT"]
[Termination "Let_it_be_1 won by resignation"]

1. e4 d6 2. d4 Nf6 3. Nc3 Nbd7 4.
Nf3 e5 5. Bc4 Be7 6. O-O O-O 7. a4 a5 8. Qe2 c6 9. Ba2 Qc7 10. Rd1 h6 11. Nh4 Re8 12. Qc4 d5 13. exd5 Nb6 14. d6 Bxd6 15. Qd3 e4 16. Qe2 Bxh2+ 17.
Kh1 Bg4 18. Qf1 Bxd1 19. Qxd1 Bf4 20. Nf5 Bxc1 21. Rxc1 Qf4 22. Ne3 Qxf2 23. Qe2 Qxe2 24. Nxe2 Nfd5 25. Nf5 Rad8 26. Bb3 Kh7 27. c4 g6 28.
cxd5 gxf5 29. dxc6 bxc6 30. Rxc6 Nd5 31. Rc5 Ne3 32.
Rxa5 Rg8 33. Ra7 Rxg2 34. Nf4 Rg7 35. Nh5 Rxd4 36. Nxg7 Kxg7 37. Bxf7 Kf6 38. a5 Nd1 39. Kg2 Rd2+ 40. Kg3 Rxb2 41. a6 Rd2 42. Rb7 Rd3+ 43.
Kg2 Ra3 44. a7 f4 45. Bd5 f3+ 46. Kf1 e3 47. Bxf3 Nc3 48. Rb6+ Ke5 49. a8=Q Rxa8 50. Bxa8 Ne4 51. Rxh6 Ng3+ 52. Ke1 1-0

[Event "Early-Titled-Tuesday-Blitz-October-24-2023"]
[Site "Chess.com"]
[Date "2023.10.24"]
[Round "6"]
[White "ssgm49"]
[Black "DonCiao"]
[Result "0-1"]
[WhiteElo "1795"]
[BlackElo "2128"]
[TimeControl "180+1"]
[EndTime "9:05:18 PDT"]
[Termination "DonCiao won on time"]

1. Nf3 Nf6 2. d4 g6 3. c4 Bg7 4.
Nc3 d5 5. e3 O-O 6. Bd3 dxc4 7.
Bxc4 c5 8. O-O cxd4 9. Nxd4 a6 10. a4 Nbd7 11. a5 Qc7 12. Qe2 e5 13. Nf3 e4 14. Nd4 Ne5 15. Bb3 Bg4 16. Qc2 Rac8 17. h3 Bd7 18. Nde2 Bb5 19. Rd1 Bd3 20. Qd2 Rfd8 21.
Ng3 Nc4 22. Bxc4 Qxc4 23. Qe1 Bc2 24. Rxd8+ Rxd8 25. Bd2 Qd3 26. Rc1 Qxd2 27. Qxd2 Rxd2 28. Nf1 Rd8 29. Rxc2 Rc8 30. Rd2 Rc5 31. Rd8+ Bf8 32.
Ng3 Rxa5 33. Ngxe4 Nxe4 34. Nxe4 Kg7 35. Rd7 Rb5 36. Rd2 Rb3 37. Ng3 Bb4 38. Rc2 b5 39. Ne2 a5 40. Nd4 Rd3 41. Nxb5 Rd1+ 42. Kh2 a4 43.
Nd4 Bd6+ 44. g3 Rb1 45. Rc6 Be5 46. Rc4 Rxb2 47. Rxa4 Rxf2+ 48. Kg1 Rb2 0-1

[Event "Early-Titled-Tuesday-Blitz-October-24-2023"]
[Site "Chess.com"]
[Date "2023.10.24"]
[Round "6"]
[White "ContrVersia"]
[Black "Sokoloco"]
[Result "0-1"]
[WhiteElo "2897"]
[BlackElo "2743"]
[TimeControl "180+1"]
[EndTime "9:05:19 PDT"]
[Termination "Sokoloco won on time"]

1. Nf3 g6 2. d4 Bg7 3. c4 d6 4.
g3 c5 5. d5 e6 6. Nc3 Bxc3+ 7.
bxc3 e5 8. h4 Nf6 9. Nd2 Bg4 10.
Qb3 b6 11. f3 Bc8 12. e4 Nbd7 13. Bd3 Nh5 14. Nf1 O-O 15. Qc2 b5 16. cxb5 c4 17.
Bxc4 Nb6 18. Bd3 f5 19. a4 fxe4 20. fxe4 Bg4 21. Bg5 Qc7 22. c4 Rac8 23. Ne3 Qd7 24.
a5 Na8 25. Rg1 Nc7 26. Nxg4 Nxb5 27. Nh6+ Kg7 28. Qa4 Qh3 29. Qxb5 Rb8 30. Qa6 Qh2 31.
Qxa7+ Kh8 32. Bd2 Nxg3 33. O-O-O Ne2+ 34. Bxe2 Qxe2 35. Rg3 Qxc4+ 36. Rc3 Qa2 37. Nf7+ Kg8 38. Nh6+ Kh8 39. Nf7+ Kg7 40. Ng5+ Kf6 0-1

[Event "Early-Titled-Tuesday-Blitz-October-24-2023"]
[Site "Chess.com"]
[Date "2023.10.24"]
[Round "6"]
[White "Karttunen"]
[Black "Ranindu2003"]
[Result "0-1"]
[WhiteElo "2614"]
[BlackElo "2811"]
[TimeControl "180+1"]
[EndTime "9:05:19 PDT"]
[Termination "Ranindu2003 won on time"]

1. d4 d5 2. c4 e6 3. Nc3 Nf6 4. cxd5 exd5 5. Bg5 Bb4 6. e3 h6 7. Bh4 g5 8. Bg3 Ne4 9. Ne2 h5 10. f3 Nxg3 11. hxg3 Qe7 12. Kf2 c6 13. Qc2 Be6 14. Nc1 Nd7 15. Bd3 O-O-O 16. a3 Bd6 17. b4 h4 18. g4 Rde8 19. e4 Qf6 20. e5 Nxe5 21.
dxe5 Bxe5 22. N1e2 Kb8 23. Bf5 Rh6 24. Rad1 Bxf5 25. gxf5 g4 26. f4 Bc7 27. Na4 Rh5 28.
g3 Rxf5 29. Nd4 hxg3+ 30. Kg2 Rxf4 31. Rhf1 Rxf1 32. Rxf1 Qxd4 33. Nc5 Bb6 34. Nd7+ Ka8 35. Nxb6+ Qxb6 36. Rxf7 Qe3 37. Rf1 a6 38. a4 Rh8 39.
Rh1 Qf3+ 0-1

[Event "Early-Titled-Tuesday-Blitz-October-24-2023"]
[Site "Chess.com"]
[Date "2023.10.24"]
[Round "6"]
[White "IljaZaragatski"]
[Black "slorovel"]
[Result "1/2-1/2"]
[WhiteElo "2627"]
[BlackElo "2469"]
[TimeControl "180+1"]
[EndTime "9:05:19 PDT"]
[Termination "Game drawn - insufficient material"]

1. c4 g6 2. g3 Bg7 3. Bg2 e5 4. Nc3 Ne7 5. e4 O-O 6. Nge2 c6 7.
O-O d6 8. d4 Nd7 9. Be3 Qc7 10.
Qd2 Rd8 11. Rfd1 exd4 12. Nxd4 Nf8 13. Rac1 Ne6 14. Nde2 f5 15. Nf4 Be5 16. Nd3 Bg7 17. Bh6 Bf6 18. Re1 Nc5 19. Nf4 Kf7 20. h4 Ng8 21.
Bg5 h6 22. Bxf6 Nxf6 23. b4 Ncxe4 24. Nxe4 Nxe4 25. Bxe4 fxe4 26. Rxe4 Bf5 27. Re3 Re8 28. Rce1 Rxe3 29. Rxe3 Re8 30. Ne2 Rxe3 31. Qxe3 Qe7 32. Qxe7+ Kxe7 33. Nd4 Bd3 34. c5 dxc5 35. bxc5 Kd7 36.
f4 b6 37. Nf3 Bb1 38. Ne5+ Kc7 39. cxb6+ axb6 40. a3 c5 41. Kf2 Kd6 42. Ke3 Kd5 43.
g4 b5 44. h5 gxh5 45. gxh5 b4 46. axb4 cxb4 47. Ng4 b3 48. Kd2 Ke4 49. Nxh6 Kxf4 50.
Kc1 Be4 51. Kb2 Kg5 52. Nf7+ Kxh5 53. Kxb3 1/2-1/2

[Event "Early-Titled-Tuesday-Blitz-October-24-2023"]
[Site "Chess.com"]
[Date "2023.10.24"]
[Round "6"]
[White "dosto07"]
[Black "InitiatingASC"]
[Result "1-0"]
[WhiteElo "2497"]
[BlackElo "2329"]
[TimeControl "180+1"]
[EndTime "9:05:20 PDT"]
[Termination "dosto07 won on time"]

1. e4 e5 2. Nf3 Nf6 3. d4 Nxe4 4. Bd3 d5 5. Nxe5 Nc6 6. Nxc6 bxc6 7. O-O Be7 8. Nd2 Nd6 9. Re1 Bf5 10. Nf3 O-O 11.
Bf4 Ne4 12. Ne5 Qe8 13. c3 c5 14. g4 Bg6 15. f3 Nf6 16. Bxg6 fxg6 17. Bg3 Bd6 18. Qe2 Qb8 19. Rad1 cxd4 20. cxd4 Qb4 21. Kg2 Rae8 22. Rd3 Qa4 23. b3 Qa6 24. Re3 Qxe2+ 25. R1xe2 c5 26. dxc5 Bxc5 27. Rc3 Bd4 28. Rd3 Bxe5 29.
Rxe5 Rc8 30. Rd2 h6 31. Bf2 a6 32. Bd4 Rfe8 33. Rxe8+ Nxe8 34. Be5 Rd8 35. Kf2 Kf7 36. Ke3 Nf6 37. Kd4 Nd7 38. Bg3 g5 39. Rc2 Nf6 40.
Rc7+ Kg6 41. Rc6 Ra8 42. Be5 a5 43. Bxf6 gxf6 44. Kxd5 Rd8+ 45. Rd6 Re8 46. Ra6 Re2 47.
Rxa5 Re5+ 48. Kc6 Rxa5 49. a4 Re5 50. b4 f5 51. b5 fxg4 52. fxg4 Re4 53. a5 Rxg4 54. b6 Rc4+ 55. Kb5 Rc1 56. b7 1-0

[Event "Early-Titled-Tuesday-Blitz-October-24-2023"]
[Site "Chess.com"]
[Date "2023.10.24"]
[Round "6"]
[White "wonderfultime"]
[Black "Legendinunknown"]
[Result "0-1"]
[WhiteElo "2983"]
[BlackElo "2806"]
[TimeControl "180+1"]
[EndTime "9:05:21 PDT"]
[Termination "Legendinunknown won by resignation"]

1. d4 Nf6 2. c4 e6 3. Nc3 Bb4 4.
e3 b6 5. Nf3 Bb7 6. Bd3 Ne4 7.
Bd2 Bxc3 8. Bxc3 O-O 9. O-O f5 10. Rc1 d6 11. Be1 Nd7 12. b4 a5 13. bxa5 bxa5 14.
Qb3 Rb8 15. Qa3 Ng5 16. Nd2 f4 17. exf4 Rxf4 18. f3 Rxd4 19. Bf2 Rf4 20. Be3 Rf8 21. Qxa5 Nf7 22. Qc3 c5 23. Rb1 Bc6 24. Bc2 Ra8 25.
Rb2 Qf6 26. Qxf6 gxf6 27. Ra1 Rfb8 28. Rxb8+ Nxb8 29. a4 Ne5 30. h3 Nbd7 31. f4 Nf7 32. a5 Ra6 33. f5 e5 34. Ne4 Kg7 35. Nc3 Nd8 36. Nb5 Nb7 37. Bd2 Nb8 38. Nc7 Ra7 39.
a6 Kf7 40. Bc3 Nd8 41. Ba5 Nd7 42. Rb1 Ke7 43. Kf2 Ba8 44. Ke3 Nc6 45. Nd5+ Kf7 46. Bc7 Nb4 47. Bxd6 Bxd5 48. cxd5 Rxa6 49. Bxc5 Nxd5+ 50.
Ke4 Nc3+ 51. Kd3 Nxb1 52. Bb4 Rb6 53. Ba5 Rb5 54. Be1 Na3 55. Ke2 Nxc2 0-1

[Event "Early-Titled-Tuesday-Blitz-October-24-2023"]
[Site "Chess.com"]
[Date "2023.10.24"]
[Round "6"]
[White "Balla_Tamas"]
[Black "CraiggoryC"]
[Result "0-1"]
[WhiteElo "2340"]
[BlackElo "2233"]
[TimeControl "180+1"]
[EndTime "9:05:21 PDT"]
[Termination "CraiggoryC won by checkmate"]

1. e4 e6 2. d4 d5 3. Nd2 Be7 4. e5 c5 5. Qg4 Kf8 6. c3 cxd4 7.
cxd4 Nh6 8. Qd1 Nf5 9. Ngf3 Nc6 10. Nb3 a5 11. Bd3 a4 12. Bxf5 axb3 13. Bd3 Rxa2 14. Rb1 Qa5+ 15. Bd2 Bb4 16. O-O Bxd2 17. Nxd2 Nxd4 18.
Nxb3 Nxb3 19. Qxb3 g6 20. Rbc1 Kg7 21. h4 h5 22. Rc2 Qa4 23. Qc3 Bd7 24. Qd2 Rc8 25.
Rxc8 Bxc8 26. Qg5 Bd7 27. Qf6+ Kg8 28. Rc1 Ra1 29. Rxa1 Qxa1+ 30. Kh2 Qxb2 31. Qd8+ Kg7 32. Qxd7 Qxe5+ 33. g3 Qd4 34. Bb5 Qxf2+ 35. Kh3 Qf5+ 36. Kg2 Qe4+ 37. Kf2 d4 38. Be2 Qe3+ 39. Kf1 e5 40. Qh3 e4 41. Qg2 d3 42. Bd1 Qc1 43. Ke1 e3 44. Qe4 Qd2+ 45. Kf1 Qf2# 0-1

[Event "Early-Titled-Tuesday-Blitz-October-24-2023"]
[Site "Chess.com"]
[Date "2023.10.24"]
[Round "6"]
[White "ukchessbomber"]
[Black "AvitalBor"]
[Result "0-1"]
[WhiteElo "2659"]
[BlackElo "2853"]
[TimeControl "180+1"]
[EndTime "9:05:22 PDT"]
[Termination "AvitalBor won by checkmate"]

1. a3 a5 2. g3 d5 3. Bg2 e5 4. b3 Nf6 5. Bb2 Bd6 6. e3 O-O 7. Ne2 c6 8. O-O Bf5 9. d3 Qd7 10. Nd2 Bh3 11. c4 Na6 12. Qc2 Rac8 13. Bc3 b6 14. Qb2 Nc5 15. Qc2 Bxg2 16. Kxg2 Qf5 17.
e4 dxe4 18. dxe4 Nfxe4 19. b4 Nxg3 20. Qxf5 Nxf5 21. bxc5 Bxc5 22. Ne4 Bd4 23. Rab1 Rb8 24. Rfd1 Rfd8 25. a4 f6 26. Nxd4 exd4 27. Be1 c5 28. Rd3 Re8 29. Ng3 Nd6 30. Rdb3 Nxc4 31. Nf5 g6 32. Nh4 Re2 33. Nf3 Ra2 34. Rb5 Re8 35. Rc1 Rxa4 36. Nd2 Nxd2 37. Bxd2 Re2 38. Bf4 Rb4 39. Rb1 d3 40. Rxb6 Rxf4 41. Rd6 Kg7 42. Rb7+ Kh6 43. Rdd7 Rfxf2+ 44. Kg3 Rg2+ 45. Kf3 Rxh2 46. Rxh7+ Kg5 47. Rhd7 c4 48. Rb5+ f5 49. Rd6 Rh3# 0-1

[Event "Early-Titled-Tuesday-Blitz-October-24-2023"]
[Site "Chess.com"]
[Date "2023.10.24"]
[Round "6"]
[White "giomar27"]
[Black "Martial2008"]
[Result "1-0"]
[WhiteElo "2378"]
[BlackElo "2620"]
[TimeControl "180+1"]
[EndTime "9:05:22 PDT"]
[Termination "giomar27 won by checkmate"]

1. e4 e5 2. Nf3 Nc6 3. Nc3 Nf6 4. d4 Bd6 5. dxe5 Nxe5 6. Nd4 O-O 7. f4 Bb4 8. fxe5 Nxe4 9. Qf3 Nxc3 10. bxc3 Qh4+ 11. Kd1 d6 12. g3 Qg4 13. Qxg4 Bxg4+ 14. Be2 Bxc3 15.
Rb1 Bh3 16. Nb5 Bxe5 17. Nxc7 Rac8 18. Nd5 Bf5 19. Ne7+ Kh8 20. Nxf5 g6 21. Ne3 d5 22. Bb2 d4 23. Ng4 Bg7 24. Kd2 h5 25. Nf2 Rfe8 26. Nd3 Bh6+ 27. Nf4 Bg7 28. Rhe1 Red8 29. Bd3 Kg8 30. Ke2 Bh6 31. Kf2 f5 32. Re2 Kf7 33. Rbe1 Bg5 34. Ne6 Be3+ 35. Kg2 Kxe6 36. Bxd4 Rxd4 37. Rxe3+ Kf6 38. Re6+ Kg5 39. h4+ Kh6 40. Bxf5 Rd2+ 41. Kh3 Rg8 42. Bd3 Rf2 43. Re7 Rg7 44. Rxg7 Kxg7 45. Re7+ Kf6 46. Rxb7 g5 47. hxg5+ Kxg5 48. Rb5+ Kh6 49. Ra5 Rf7 50. Ra6+ Kg7 51. Ra5 Kh6 52.
Ra6+ Kg7 53. Rg6+ Kf8 54. Kh4 Rf3 55. Rg5 Rf2 56. Rf5+ Rxf5 57. Bxf5 Kg7 58. Kxh5 Kf6 59. Bd3 Ke5 60. g4 Kd4 61. Kh6 Kc3 62. g5 a5 63.
g6 a4 64. g7 a3 65. g8=Q Kb2 66.
Qb3+ Ka1 67. Qc3+ Kxa2 68. Qb3+ Ka1 69. Qxa3+ Kb1 70. c4# 1-0